 Dungeon Crawl Stone Soup version 0.29.0-15-g675c0067aa (webtiles) character file.

Game seed: 10953714062530336437

7488 qw the Severer (level 10, -4/94 HPs)
             Began as a Minotaur Berserker on Sept 11, 2022.
             Was a Priest of Trog.
             Slain by a catoblepas (12 damage)
             ... while petrified by a catoblepas
             ... on level 1 of the Lair of Beasts.
             The game lasted 00:02:43 (9689 turns).

qw the Severer (Minotaur Berserker)                 Turns: 9689, Time: 00:02:43

Health: -4/94      AC: 10    Str: 27    XL:     10   Next: 94%
Magic:  9/9        EV:  2    Int:  4    God:    Trog [***...]
Gold:   209        SH:  0    Dex:  9    Spells: 9/9 levels left

rFire   . . .      SeeInvis +   c - +0 war axe
rCold   + . .      Faith    .   (no shield)
rNeg    + + +      Spirit   .   k - +2 scale mail {rC+}
rPois   inf        Reflect  .   (helmet restricted)
rElec   .          Harm     .   (no cloak)
rCorr   .          Rampage  .   (no gloves)
Will    +....                   a - +0 pair of boots
Stlth   ..........              p - amulet of the acrobat
HPRegen 0.25/turn               i - ring of see invisible
MPRegen 0.11/turn               b - +4 ring of evasion

@: petrified, on berserk cooldown, slowed
A: horns 2, retaliatory headbutt, strong-willed 1, subdued magic 1, inability to
drink after injury 1
a: Renounce Religion, Berserk, Trog's Hand


You were on level 1 of the Lair of Beasts.
You worshipped Trog.
Trog was most pleased with you.
You visited 2 branches of the dungeon, and saw 9 of its levels.

You collected 601 gold pieces.
You spent 392 gold pieces at shops.


Innate Abilities, Weirdness & Mutations

You have a pair of horns on your head.
You reflexively headbutt those who attack you in melee.
You are strong-willed. (Will+)
Your spells are a little easier to cast, but a little less powerful.
You occasionally lose the ability to drink potions when taking damage.


   Skills:
 + Level 10.5 Fighting
 - Level 16.1 Axes
 - Level 2.6 Throwing
 - Level 5.1 Armour
 - Level 4.5 Dodging


You had 9 spell levels left.
You didn't know any spells.
Your spell library was empty.

Inventory:

Hand Weapons
 c - a +0 war axe (weapon)
 m - a +1 flail of protection
Missiles
 f - 4 boomerangs (quivered)
Armour
 a - a +0 pair of boots (worn)
 d - a +3 ring mail of fire resistance
 k - a +2 scale mail of cold resistance (worn)
 l - a +0 chain mail
Jewellery
 b - a +4 ring of evasion (right hand)
 e - a ring of fire
 i - a ring of see invisible (left hand)
 p - an amulet of the acrobat (around neck)
 Y - a +6 ring of strength
Wands
 n - a wand of digging (6)
Scrolls
 g - 3 scrolls of identify
 j - a scroll of teleportation
Potions
 h - 7 potions of might
 o - a potion of ambrosia {unknown}
 s - 3 potions of curing

Dungeon Overview and Level Annotations

Branches:
Dungeon (8/15)             Temple (0/1) D:6            Lair (1/5) D:8

Altars:
Sif Muna

Shops:
D:8 [

Annotations:
D:4 2 transporters


Message History

The yak is almost dead.
You barely miss the yak. Your headbutt misses the yak.
The yak is almost dead.
The yak gores you!
You slash the yak!
You kill the yak!
Trog accepts your kill.
You start resting.
A catoblepas is nearby!
9677 ||| INVOKING Berserk.
A red film seems to cover your vision as you go berserk!
You feel yourself moving faster!
You feel mighty!
The catoblepas breathes a plume of calcifying dust at you.
The blast of calcifying dust hits you.
You're standing in a cloud of calcifying dust!
You feel a strong urge to attack something.
You are engulfed in calcifying dust.
You are slowing down.
You're standing in a cloud of calcifying dust!
You are engulfed in calcifying dust.
Your limbs are stiffening.
You slice the catoblepas!!
The catoblepas is moderately wounded.
You are engulfed in calcifying dust.
The catoblepas gores you but does no damage.
You slash the catoblepas!
The catoblepas is moderately wounded.
You are engulfed in calcifying dust.
Your limbs have turned to stone.
The catoblepas breathes a plume of calcifying dust at you.
The blast of calcifying dust hits you.
You have turned to stone.
The catoblepas gores you!! x2
The catoblepas gores you! The catoblepas gores you!
The catoblepas breathes a plume of calcifying dust at you.
The blast of calcifying dust hits you but does no damage.
You are engulfed in calcifying dust.
The catoblepas gores you!!
You are engulfed in calcifying dust.
You are no longer berserk.
You feel yourself slow down. The catoblepas gores you!
You are engulfed in calcifying dust.
The catoblepas gores you!!
You die...

.#.##.## #.#.....(..
#####.## ##.#........ #
#.P# #P..##......
#####.####...........
..................(..
#..###.#.#####P...#P# #..#
##### ##.#### ...# ###.#
#..## #~#@# . #..P# ###
#~#Y######.Y.
....####P#####~#...%..Y...
..............~...!%......
............).~........)..
###.##.##.###.~.#####.##.#
######### ##### #


You could see a catoblepas.

Vanquished Creatures
  3 two-headed ogres (D:8)
  A centaur warrior (D:8)
  Pikel (D:8)
  A cane toad (Lair:1)
  Maggie (D:8)
  An unseen horror (D:8)
  A hornet (D:8)
  A slime creature (D:8)
  Sigmund (D:3)
  A wyvern (D:7)
  5 yaks (Lair:1)
  4 water moccasins
  2 sky beasts
  An ogre (D:5)
  2 centaurs
  A phantom (D:5)
  2 lemures
  2 necrophages
  3 bullfrogs
  2 scorpions
  5 wights (D:8)
  2 orc priests (D:7)
  2 gnoll boudas
  2 hounds
  3 jellies
  Ijyb (D:5)
  7 iguanas
  5 orc wizards
  5 adders
  8 gnolls
  A shadow imp (D:7)
  3 white imps
  An ufetubus (D:7)
  A worm (D:3)
  2 dart slugs
  17 orcs
  A ball python (D:2)
  5 bats
  8 endoplasms
  A giant cockroach (D:4)
  5 goblins
  3 hobgoblins
  3 jackals (D:1)
  7 kobolds
  A quokka (D:4)
  6 frilled lizards
  4 rats
145 creatures vanquished.

Vanquished Creatures (others)
  A fungus (Lair:1)
  7 plants
  3 toadstools (D:2)
11 creatures vanquished.

Grand Total: 156 creatures vanquished

Notes
Turn   | Place    | Note
-------+----------+-------------------------------------------
     0 | D:1      | qw the Minotaur Berserker began the quest for the Orb.
     0 | D:1      | Reached XP level 1. HP: 19/19 MP: 0/0
     0 | D:1      | 0 ||| qw: Version: 0.1-a-119-g272c26d
     0 | D:1      | 0 ||| qw: Game counter: 10639
     0 | D:1      | 0 ||| qw: Always use a shield: true
     0 | D:1      | 0 ||| qw: Do Orc after D:15 true
     0 | D:1      | 0 ||| qw: Do second Lair branch before Depths: true
     0 | D:1      | 0 ||| qw: Lair rune preference: random
     0 | D:1      | 0 ||| qw: Plans: Normal
     0 | D:1      | 0 ||| PLANNING D:1-11
   146 | D:1      | 146 ||| Stepping ~*~*~tactically~*~*~ (stealth).
   149 | D:1      | Reached skill level 4 in Axes
   156 | D:1      | 156 ||| INVOKING Berserk.
   331 | D:1      | Reached XP level 2. HP: 25/26 MP: 1/1
   469 | D:1      | 469 ||| Stepping ~*~*~tactically~*~*~ (hiding).
   470 | D:1      | 470 ||| Stepping ~*~*~tactically~*~*~ (hiding).
   701 | D:1      | 701 ||| UPGRADING to ring of protection from cold.
   702 | D:1      | 702 ||| DROPPING ring of flight.
   703 | D:1      | 703 ||| READING scroll labelled MUZARA MUTSYIST.
   707 | D:1      | 707 ||| READING scroll labelled QETENE BIKKIH.
   732 | D:2      | 732 ||| STAIRDANCE
   842 | D:2      | 842 ||| STAIRDANCE
   985 | D:2      | Reached skill level 5 in Axes
   987 | D:2      | Found a faded altar of an unknown god.
  1139 | D:2      | Reached XP level 3. HP: 29/31 MP: 2/2
  1212 | D:2      | You fall into a shaft and drop 1 floor!
  1271 | D:3      | 1271 ||| READING scroll labelled TYLIASCHA JIAZE.
  1272 | D:3      | 1272 ||| DRINKING 4 smoky orange potions.
  1289 | D:2      | 1289 ||| Stepping ~*~*~tactically~*~*~ (stealth).
  1291 | D:2      | 1291 ||| Stepping ~*~*~tactically~*~*~ (stealth).
  1294 | D:2      | 1294 ||| Stepping ~*~*~tactically~*~*~ (stealth).
  1312 | D:2      | Reached ** piety under Trog
  1666 | D:2      | 1666 ||| UPGRADING to +0 scale mail.
  1676 | D:2      | 1676 ||| DROPPING +0 animal skin.
  1677 | D:2      | 1677 ||| READING scroll labelled BEDGHI MAEWNOGUPUF.
  1678 | D:2      | 1678 ||| READING scroll labelled GEPOTOSIVAIWK.
  1679 | D:2      | 1679 ||| DRINKING 2 orange potions.
  1783 | D:2      | 1783 ||| DROPPING potion of berserk rage.
  1873 | D:3      | Noticed Sigmund
  1874 | D:3      | 1874 ||| Stepping ~*~*~tactically~*~*~ (hiding).
  1875 | D:3      | 1875 ||| Stepping ~*~*~tactically~*~*~ (hiding).
  1878 | D:3      | 1878 ||| INVOKING Berserk.
  1881 | D:3      | Killed Sigmund
  1882 | D:3      | Reached skill level 7 in Axes
  1882 | D:3      | Reached XP level 4. HP: 39/39 MP: 3/3
  1882 | D:3      | Reached XP level 5. HP: 45/45 MP: 4/4
  2078 | D:3      | 2078 ||| Stepping ~*~*~tactically~*~*~ (stealth).
  2347 | D:3      | 2347 ||| Stepping ~*~*~tactically~*~*~ (stealth).
  2350 | D:3      | 2350 ||| Stepping ~*~*~tactically~*~*~ (stealth).
  2357 | D:3      | 2357 ||| Stepping ~*~*~tactically~*~*~ (hiding).
  2359 | D:3      | 2359 ||| Stepping ~*~*~tactically~*~*~ (hiding).
  2394 | D:3      | 2394 ||| Stepping ~*~*~tactically~*~*~ (stealth).
  2397 | D:3      | 2397 ||| INVOKING Berserk.
  2401 | D:3      | Reached XP level 6. HP: 52/52 MP: 5/5
  2700 | D:3      | 2700 ||| DROPPING +0 club.
  2822 | D:3      | Identified the +8 sling of Impish Tenacity {vorpal, Contam
                  | rPois rN+}
  2850 | D:3      | 2850 ||| UPGRADING to +6 ring of strength.
  2851 | D:3      | 2851 ||| DROPPING +6 ring of intelligence.
  2852 | D:3      | 2852 ||| DRINKING 2 red potions.
  2853 | D:3      | 2853 ||| DROPPING potion of flight.
  2895 | D:4      | Reached skill level 8 in Axes
  3316 | D:4      | 3316 ||| Stepping ~*~*~tactically~*~*~ (stealth).
  3478 | D:4      | Found a transporter.
  3478 | D:4      | Found a transporter.
  3718 | D:4      | 3718 ||| READING scroll labelled UMEKEK HACIAKH.
  3719 | D:4      | 3719 ||| READING scroll labelled FUARADD OVOSH.
  3720 | D:4      | 3720 ||| READING 2 scrolls of identify.
  3720 | D:4      | 3720 ||| IDENTIFYING grey potion
  3748 | D:5      | Entered Level 5 of the Dungeon
  3749 | D:5      | 3749 ||| PLANNING SEWER
  3770 | D:5      | 3770 ||| INVOKING Berserk.
  3773 | D:5      | Reached skill level 9 in Axes
  3858 | D:5      | 3858 ||| Stepping ~*~*~tactically~*~*~ (stealth).
  3870 | D:5      | 3870 ||| INVOKING Berserk.
  3872 | D:5      | Reached XP level 7. HP: 60/60 MP: 6/6
  4108 | D:5      | Noticed Ijyb
  4110 | D:5      | 4110 ||| Stepping ~*~*~tactically~*~*~ (hiding).
  4112 | D:5      | 4112 ||| INVOKING Berserk.
  4118 | D:5      | Killed Ijyb
  4357 | D:5      | 4357 ||| RIP SEWER
  4360 | D:5      | 4360 ||| PLANNING D:1-11
  4417 | D:5      | 4417 ||| FLEEEEING.
  4418 | D:5      | 4418 ||| FLEEEEING.
  4419 | D:5      | 4419 ||| FLEEEEING.
  4469 | D:5      | 4469 ||| Stepping ~*~*~tactically~*~*~ (stealth).
  4541 | D:5      | 4541 ||| Stepping ~*~*~tactically~*~*~ (hiding).
  4544 | D:5      | Reached skill level 10 in Axes
  4546 | D:5      | 4546 ||| DRINKING potion of curing.
  4546 | D:5      | 4546 ||| (to cure confusion)
  4556 | D:5      | 4556 ||| SWAPPING to +3 hand axe.
  4557 | D:5      | 4557 ||| DROPPING +0 hand axe.
  4653 | D:5      | Reached skill level 6 in Fighting
  4908 | D:5      | 4908 ||| UPGRADING to +0 chain mail.
  4918 | D:5      | 4918 ||| DROPPING +0 scale mail.
  4919 | D:5      | 4919 ||| UPGRADING to amulet of the acrobat.
  4924 | D:5      | 4924 ||| READING scroll labelled MOUCRO ZOYSSI.
  4925 | D:5      | 4925 ||| READING 2 scrolls labelled KUKLAO ZUXENT.
  4926 | D:5      | 4926 ||| READING scroll labelled ANUONU OLOM.
  4927 | D:5      | 4927 ||| DRINKING 2 fizzy brown potions.
  4969 | D:5      | 4969 ||| READING 2 scrolls of identify.
  4969 | D:5      | 4969 ||| IDENTIFYING golden potion
  4970 | D:5      | 4970 ||| DROPPING potion of attraction.
  4971 | D:5      | 4971 ||| DROPPING scroll of amnesia.
  4972 | D:5      | 4972 ||| DROPPING potion of lignification.
  5229 | D:6      | Reached skill level 3 in Armour
  5236 | D:6      | Found a staircase to the Ecumenical Temple.
  5242 | D:6      | Reached XP level 8. HP: 70/70 MP: 7/7
  5409 | D:6      | 5409 ||| SWAPPING to +2 hand axe of electrocution.
  5410 | D:6      | 5410 ||| DROPPING +3 hand axe.
  5478 | D:6      | Reached *** piety under Trog
  5639 | D:6      | 5639 ||| DROPPING +0 whip.
  5764 | D:6      | 5764 ||| UPGRADING to +0 pair of boots.
  5769 | D:6      | 5769 ||| DRINKING 2 fizzy orange potions.
  5769 | D:6      | Gained mutation: You occasionally lose the ability to drink
                  | potions when taking damage. [potion of mutation]
  5769 | D:6      | Gained mutation: You are agile. (Dex +4, Str/Int -1)
                  | [potion of mutation]
  5769 | D:6      | Gained mutation: You are very agile. (Dex +8, Str/Int -2)
                  | [potion of mutation]
  5769 | D:6      | Gained mutation: Your system is resistant to poisons.
                  | (rPois) [potion of mutation]
  5770 | D:6      | 5770 ||| DRINKING potion of mutation.
  5770 | D:6      | Lost mutation: Your system is resistant to poisons. (rPois)
                  | [potion of mutation]
  5770 | D:6      | Lost mutation: You are very agile. (Dex +8, Str/Int -2)
                  | [potion of mutation]
  5770 | D:6      | Lost mutation: You are agile. (Dex +4, Str/Int -1) [potion
                  | of mutation]
  5770 | D:6      | Gained mutation: You are strong-willed. (Will+) [potion of
                  | mutation]
  5770 | D:6      | Gained mutation: Your spells are a little easier to cast,
                  | but a little less powerful. [potion of mutation]
  5786 | D:7      | 5786 ||| STAIRDANCE
  5789 | D:6      | Reached skill level 11 in Axes
  5791 | D:7      | 5791 ||| STAIRDANCE
  5887 | D:7      | 5887 ||| STAIRDANCE
  5926 | D:7      | 5926 ||| INVOKING Berserk.
  6148 | D:7      | 6148 ||| INVOKING Berserk.
  6599 | D:7      | 6599 ||| Stepping ~*~*~tactically~*~*~ (hiding).
  6608 | D:7      | 6608 ||| Stepping ~*~*~tactically~*~*~ (hiding).
  6614 | D:7      | 6614 ||| Stepping ~*~*~tactically~*~*~ (hiding).
  6619 | D:7      | 6619 ||| INVOKING Berserk.
  6745 | D:7      | 6745 ||| INVOKING Berserk.
  6858 | D:7      | 6858 ||| DROPPING +0 flail.
  6886 | D:7      | Reached skill level 1 in Throwing
  6926 | D:7      | Reached skill level 12 in Axes
  7468 | D:7      | 7468 ||| DROPPING amulet of faith.
  7469 | D:7      | 7469 ||| READING scroll labelled ZAYBEK SO BIS.
  7470 | D:7      | 7470 ||| DRINKING 2 fizzy purple potions.
  7508 | D:8      | Noticed Pikel
  7509 | D:8      | 7509 ||| STAIRDANCE
  7563 | D:8      | 7563 ||| INVOKING Berserk.
  7567 | D:8      | Killed Pikel
  7568 | D:8      | Reached XP level 9. HP: 82/82 MP: 8/8
  7568 | D:8      | 7568 ||| STAIRDANCE
  7695 | D:8      | Found Foaf's Antique Armour Shop.
  7700 | D:8      | 7700 ||| Stepping ~*~*~tactically~*~*~ (hiding).
  7709 | D:8      | 7709 ||| INVOKING Berserk.
  7831 | D:8      | 7831 ||| SHOPLISTING plate armour (644 gold, have 472).
  7831 | D:8      | 7831 ||| BUYING runed ring mail (196 gold).
  7831 | D:8      | Bought a runed ring mail for 196 gold pieces
  7831 | D:8      | 7831 ||| BUYING runed scale mail (196 gold).
  7831 | D:8      | Bought a runed scale mail for 196 gold pieces
  7831 | D:8      | 7831 ||| SHOPLISTING runed scarf (224 gold, have 80).
  7831 | D:8      | 7831 ||| SHOPLISTING shiny scale mail (196 gold, have 80).
  7856 | D:8      | 7856 ||| Stepping ~*~*~tactically~*~*~ (hiding).
  7865 | D:8      | Noticed Maggie
  7873 | D:8      | 7873 ||| INVOKING Berserk.
  7875 | D:8      | Killed Maggie
  7876 | D:8      | Reached skill level 13 in Axes
  8050 | D:8      | 8050 ||| SWAPPING to +0 war axe.
  8051 | D:8      | 8051 ||| DROPPING +2 hand axe of electrocution.
  8090 | D:8      | Found a staircase to the Lair.
  8178 | D:8      | Noticed a two-headed ogre
  8181 | D:8      | Noticed a two-headed ogre
  8182 | D:8      | 8182 ||| INVOKING Berserk.
  8186 | D:8      | Killed a two-headed ogre
  8187 | D:8      | Reached skill level 14 in Axes
  8190 | D:8      | Killed a two-headed ogre
  8191 | D:8      | Reached XP level 10. HP: 88/90 MP: 9/9
  8560 | D:8      | Found a shimmering blue altar of Sif Muna.
  8571 | D:8      | 8571 ||| FLEEEEING.
  8625 | D:8      | Noticed a two-headed ogre
  8628 | D:8      | Noticed a centaur warrior
  8629 | D:8      | 8629 ||| Stepping ~*~*~tactically~*~*~ (hiding).
  8631 | D:8      | 8631 ||| INVOKING Berserk.
  8637 | D:8      | Killed a two-headed ogre
  8638 | D:8      | Reached skill level 15 in Axes
  8643 | D:8      | Killed a centaur warrior
  8644 | D:8      | Reached skill level 9 in Fighting
  8653 | D:8      | HP: 20/91 [slime creature (9)]
  8654 | D:8      | 8654 ||| READING 2 scrolls of teleportation.
  8655 | D:8      | 8655 ||| DRINKING potion of heal wounds.
  8667 | D:8      | 8667 ||| Stepping ~*~*~tactically~*~*~ (stealth).
  8732 | D:8      | 8732 ||| FLEEEEING.
  8733 | D:8      | 8733 ||| FLEEEEING.
  8734 | D:8      | 8734 ||| FLEEEEING.
  8756 | D:8      | 8756 ||| FLEEEEING.
  8757 | D:8      | 8757 ||| FLEEEEING.
  8758 | D:8      | 8758 ||| STAIRDANCE
  8844 | D:7      | 8844 ||| READING scroll labelled ETE XU GAX VYQ.
  8845 | D:7      | 8845 ||| READING scroll labelled DOETIU WIOJ.
  8845 | D:7      | Identified a scroll of acquirement
  8845 | D:7      | 8845 ||| ACQUIRING ring of see invisible
  8845 | D:7      | Acquired a ring of see invisible
  8847 | D:7      | 8847 ||| UPGRADING to ring of see invisible.
  8849 | D:7      | 8849 ||| UPGRADING to +2 scale mail of cold resistance.
  8859 | D:7      | 8859 ||| READING 4 scrolls of identify.
  8859 | D:7      | 8859 ||| IDENTIFYING blue potion
  8860 | D:7      | 8860 ||| DROPPING potion of degeneration.
  8868 | D:8      | 8868 ||| STAIRDANCE
  9205 | D:8      | 9205 ||| PLANNING LAIR
  9205 | D:8      | 9205 ||| UPGRADING to +4 ring of evasion.
  9207 | D:8      | 9207 ||| DROPPING ring of protection from cold.
  9243 | Lair:1   | Entered Level 1 of the Lair of Beasts
  9243 | Lair:1   | Noticed a cane toad
  9244 | Lair:1   | 9244 ||| INVOKING Berserk.
  9248 | Lair:1   | Killed a cane toad
  9249 | Lair:1   | Reached skill level 16 in Axes
  9667 | Lair:1   | Noticed a catoblepas
  9668 | Lair:1   | 9668 ||| Stepping ~*~*~tactically~*~*~ (hiding).
  9669 | Lair:1   | 9669 ||| Stepping ~*~*~tactically~*~*~ (hiding).
  9671 | Lair:1   | 9671 ||| Stepping ~*~*~tactically~*~*~ (hiding).
  9677 | Lair:1   | 9677 ||| INVOKING Berserk.
  9685 | Lair:1   | HP: 30/141 [catoblepas (8)]
  9688 | Lair:1   | HP: 8/94 [catoblepas (6)]
  9689 | Lair:1   | Slain by a catoblepas

Levels and vault maps discovered:
D:1:      spicycebolla_green_bress_n_ham_2, layout_rooms
D:2:      layout_basic, ebering_ecumenical_altar_mist, minmay_gold_behind_fungi,
          kennysheep_generic_room_8
D:3:      layout_loops_ring, uniq_sigmund
D:4:      layout_loops_cross, gammafunk_ghost_gnarly_gnolls
D:5:      layout_loops_cross, portal_sewer_entry_d, uniq_ijyb
D:6:      layout_loops_ring, minmay_temple_entry_slanted
D:7:      layout_basic
D:8:      minmay_curly_fans, layout_gridville, led_sif_book, lair_entry_dummy,
          serial_shops, shop, uniq_pikel, uniq_maggie
Lair:1:   layout_chaotic_city, serial_rivers, chequers_serial_rivers_marsh,
          chequers_serial_rivers_large_a, chequers_serial_rivers_room_a,
          chequers_serial_rivers_micro_b, chequers_serial_rivers_micro_a,
          chequers_serial_rivers_room_b, gammafunk_ghost_wrathful_warriors,
          chequers_serial_rivers_micro_b, beast_lair_carwin_10,
          lemuel_fruit_tree

Skill      XL: |  1  2  3  4  5  6  7  8  9 10 |
---------------+-------------------------------+-----
Axes           | 4 5 7 9 10 12 14 16 | 16.1
Fighting       | 4 6 8 10 | 10.5
Armour         | 3 4 5 |  5.1
Throwing       | 1 2 |  2.6
Dodging        | 4 |  4.5

Action                   |  1- 3 |  4- 6 |  7- 9 | 10-12 || total
-------------------------+-------+-------+-------+-------++-------
Melee: Hand axe          |    74 |    84 |   157 |       ||   315
       Headbutt          |     8 |     9 |    26 |    19 ||    62
       Punch             |       |       |     1 |     3 ||     4
       War axe           |       |       |    20 |    76 ||    96
Throw: Boomerang         |       |       |    13 |    10 ||    23
Invok: Berserk           |     2 |     3 |     9 |     3 ||    17
  Use: Scroll            |     5 |     3 |     5 |     4 ||    17
       Potion            |     2 |     1 |     5 |     1 ||     9
Armor: Animal skin       |    11 |       |       |       ||    11
       Scale mail        |     1 |    30 |    13 |    12 ||    56
       Chain mail        |       |       |    40 |     5 ||    45
Dodge: Dodged            |    33 |    28 |    63 |    27 ||   151

Table legend:
 A = Non-vault XP
 B = Vault XP
 C = Vault XP percentage of total XP
 D = Non-vault monster count
 E = Vault monster count
 F = Vault count percentage of total count
                 A         B        C        D         E       F
            +---------+---------+-------+---------+---------+-------
      Total |    7067 |    3631 |  33.9 |     133 |      10 |   7.0
            +---------+---------+-------+---------+---------+-------
        D:1 |      30 |       0 |   0.0 |      17 |       0 |   0.0
        D:2 |      22 |       2 |   8.3 |      13 |       1 |   7.1
        D:3 |     126 |     214 |  62.9 |      18 |       1 |   5.3
        D:4 |     141 |       0 |   0.0 |       6 |       0 |   0.0
        D:5 |     701 |      51 |   6.8 |      16 |       2 |  11.1
        D:6 |     472 |       0 |   0.0 |      13 |       0 |   0.0
        D:7 |     774 |       0 |   0.0 |      24 |       0 |   0.0
        D:8 |    2890 |    3364 |  53.8 |      17 |       6 |  26.1
     Lair:1 |    1911 |       0 |   0.0 |       9 |       0 |   0.0
            +---------+---------+-------+---------+---------+-------
